 Dungeon Crawl Stone Soup version 0.29.1-1-gd02db6906a (webtiles) character file.

Game seed: 7017687102025584750

914 Sabo the Gusty (level 8, -19/48 HPs)
             Began as an Octopode Air Elementalist on Sept 26, 2022.
             Was an Initiate of Vehumet.
             Demolished by a two-headed ogre
             ... wielding a +0 giant spiked club
              (23 damage)
             ... on level 6 of the Dungeon.
             The game lasted 00:39:26 (7346 turns).

Sabo the Gusty (Octopode Air Elementalist)          Turns: 7346, Time: 00:39:27

Health: -19/48     AC:  1    Str:  7    XL:     8   Next: 9%
Magic:  14/14      EV: 13    Int: 20    God:    Vehumet [......]
Gold:   272        SH:  0    Dex: 12    Spells: 10/15 levels left

rFire   . . .      SeeInvis .   t - +2 morningstar (flame)
rCold   . . .      Faith    .   (no shield)
rNeg    . . .      Spirit   .   (helmet restricted)
rPois   +          Reflect  .   (no amulet)
rElec   .          Harm     .   j - ring of poison resistance
rCorr   .          Rampage  .   (no ring)
Will    .....                   (no ring)
Stlth   ++++......              (no ring)
HPRegen 0.16/turn               (no ring)
MPRegen 0.14/turn               (no ring)
                                (no ring)
                                (no ring)

@: no status effects
A: almost no armour, amphibious, 8 rings, camouflage 1, gelatinous body 1,
(nimble swimmer 1), tentacles
a: Renounce Religion


You were on level 6 of the Dungeon.
You worshipped Vehumet.
Vehumet was noncommittal.
You visited 1 branch of the dungeon, and saw 6 of its levels.

You collected 272 gold pieces.

Inventory:

Hand Weapons
 h - a +2 sling of freezing
 r - a +0 war axe
 t - a +2 morningstar of flaming (weapon)
Missiles
 f - 17 poisoned darts (quivered)
Jewellery
 j - a ring of poison resistance (left tentacle)
Wands
 o - a wand of polymorph (10)
Scrolls
 e - a scroll of enchant armour
 g - 2 scrolls of fear
 m - 2 scrolls of magic mapping
 n - a scroll of butterflies
 p - 2 scrolls of teleportation
 q - a scroll of amnesia {unknown}
 v - a scroll of brand weapon {unknown}
 x - a scroll of noise {unknown}
 y - a scroll of vulnerability {unknown}
Potions
 a - 3 potions of magic
 b - 2 potions of haste
 c - 2 potions of brilliance {unknown}
 d - a potion of resistance {unknown}
 i - a potion of invisibility {unknown}
 l - a potion of lignification {unknown}
 s - 3 potions of attraction {unknown}
 u - a potion of flight {unknown}
 w - 2 potions of curing {unknown}
 z - a potion of might {unknown}
 A - 2 potions of degeneration {unknown}


   Skills:
 + Level 1.4 Fighting
 + Level 3.6 Maces & Flails
 + Level 3.0 Dodging
 + Level 4.4 Stealth
 + Level 4.3 Spellcasting
 + Level 3.6 Conjurations
 + Level 5.1 Air Magic


You had 10 spell levels left.
You knew the following spells:

 Your Spells              Type           Power      Damage    Failure   Level
a - Shock                 Conj/Air       84%        1d8       1%          1
b - Airstrike             Air            12%        2d(2-18)  16%         4

Your spell library contained the following spells:

 Spells                   Type           Power      Damage    Failure   Level
 Static Discharge         Conj/Air       21%        3-6/arc   3%          2
 Swiftness                Air            24%        N/A       4%          3
 Freeze                   Ice            16%        1d4       12%         1
 Call Canine Familiar     Summ           4%         N/A       36%         3
 Frozen Ramparts          Ice            8%         1d2       36%         3
 Portal Projectile        Hex/Tloc       8%         N/A       36%         3
 Tukima's Dance           Hex            4%         N/A       36%         3
 Hailstorm                Conj/Ice       11%        3d5       52%         4
 Leda's Liquefaction      Hex/Erth       2%         N/A       77%         4
 Passage of Golubria      Tloc           4%         N/A       77%         4
 Blade Hands              Tmut           2%         N/A       98%         5
 Yara's Violent Unravell  Hex/Tmut       2%         3d3       98%         5


Dungeon Overview and Level Annotations

Branches:
Dungeon (6/15)
 Temple: D:4-7

Altars:
Ashenzari
Makhleb
Nemelex Xobeh
Vehumet
Wu Jian
Yredelemnul

Shops:
D:5 *


Innate Abilities, Weirdness & Mutations

You cannot wear most types of armour.
You are amphibious.
You can wear up to eight rings at the same time.
Your skin changes colour to match your surroundings (Stealth+).
Your rubbery body absorbs attacks. (AC +1, EV +1)
((You are camouflaged when in or above water. (Stealth+)))
You have tentacles for arms and can constrict up to eight enemies at once.


Message History

Casting: Shock (safe; 1% risk of failure)
Confirm with . or Enter, or press ? or * to list all spells.
Aiming: Shock (safe; 1% risk of failure)
Press: ? - help, Shift-Dir - straight line, f/p - adder
Aim: an adder (severely wounded, 57% to hit)
The zap hits the adder.
The adder is almost dead.
The adder closely misses you.
You closely miss the adder. Your grab misses the adder.
The adder is almost dead.
The adder bites you.
You closely miss the adder. You grab the adder. You squeeze the adder.
You kill the adder!
Vehumet accepts your kill.
You start resting.
HP restored.
You start resting.
Magic restored.
Found 17 gold pieces.
You now have 272 gold pieces (gained 17).
A two-headed ogre comes into view.
It is wielding a +0 giant spiked club and a +0 giant club.
An iguana comes into view.
The two-headed ogre shouts in stereo!
A jelly comes into view.
The jelly quivers.
You hit the two-headed ogre. You burn the two-headed ogre.
You squeeze the two-headed ogre!
The two-headed ogre is lightly wounded.
The two-headed ogre barely misses you.
The two-headed ogre hits you with a +0 giant club!!
You closely miss the two-headed ogre.
The two-headed ogre is lightly wounded.
The two-headed ogre closely misses you.
The two-headed ogre hits you with a +0 giant club!!
Ouch! That really hurt!
* * * LOW HITPOINT WARNING * * *
You barely miss the two-headed ogre.
The two-headed ogre is lightly wounded.
The two-headed ogre hits you with a +0 giant spiked club!!
You die...

.≈≈≈.≈. .≈≈...≈≈.
#######.≈≈._.≈≈.
......#.≈≈..J≈≈.
#####.#.≈.≈≈≈l≈.
#####.#.≈.....≈.
......#..≈≈≈≈≈.O##
.#.##..#########@#
.................#
.####.############
.####.# ......#
#######


You could see a two-headed ogre, an iguana and a jelly.

Vanquished Creatures
  Grinder (D:4)
  A black bear (D:5)
  2 phantoms
  A kobold brigand (D:6)
  A hound (D:5)
  2 orc priests
  Terence (D:3)
  An orc wizard (D:3)
  Natasha (thrice) (D:4)
  Robin (D:4)
  7 adders
  A gnoll (D:3)
  A white imp (D:5)
  An ufetubus (D:5)
  8 orcs
  3 bats
  8 endoplasms
  3 giant cockroaches
  12 goblins
  11 hobgoblins
  2 jackals (D:4)
  3 quokkas
  7 ball pythons
  2 frilled lizards
  12 kobolds
  5 rats
100 creatures vanquished.

Vanquished Creatures (others)
  7 plants (D:3)
7 creatures vanquished.

Grand Total: 107 creatures vanquished

Notes
Turn   | Place    | Note
-------+----------+-------------------------------------------
     0 | D:1      | Sabo the Octopode Air Elementalist began the quest for the
                  | Orb.
     0 | D:1      | Reached XP level 1. HP: 11/11 MP: 3/3
   553 | D:1      | Reached XP level 2. HP: 17/17 MP: 5/5
  1260 | D:2      | Reached XP level 3. HP: 17/21 MP: 2/6
  2656 | D:3      | Reached XP level 4. HP: 27/27 MP: 7/7
  2704 | D:3      | Reached skill level 4 in Air Magic
  3079 | D:3      | Reached XP level 5. HP: 31/31 MP: 5/9
  3267 | D:3      | Noticed Terence
  3276 | D:3      | Killed Terence
  3578 | D:3      | Found a basalt altar of Yredelemnul.
  3831 | D:3      | Noticed a phantom
  3841 | D:3      | Killed a phantom
  3842 | D:3      | Reached skill level 1 in Maces & Flails
  3842 | D:3      | Reached XP level 6. HP: 29/36 MP: 6/10
  4230 | D:4      | Learned a level 4 spell: Airstrike
  4622 | D:4      | Noticed Robin
  4629 | D:4      | Killed Robin
  4698 | D:4      | Noticed Natasha
  4707 | D:4      | Killed Natasha
  5029 | D:4      | Noticed Grinder
  5038 | D:4      | Killed Grinder
  5039 | D:4      | Reached XP level 7. HP: 16/42 MP: 10/12
  5555 | D:4      | Noticed Natasha
  5584 | D:4      | Killed Natasha
  5787 | D:4      | Noticed Natasha
  5795 | D:4      | Killed Natasha
  5891 | D:5      | Entered Level 5 of the Dungeon
  5909 | D:5      | Found Koegil's Assorted Antiques.
  5970 | D:5      | Reached skill level 1 in Fighting
  6054 | D:5      | Found a sparkling altar of Nemelex Xobeh.
  6542 | D:5      | Found a broken altar of Ashenzari.
  6595 | D:5      | Reached skill level 5 in Air Magic
  6676 | D:5      | Found an ornate altar of the Wu Jian Council.
  7074 | D:6      | Reached XP level 8. HP: 48/48 MP: 9/14
  7237 | D:6      | Found a radiant altar of Vehumet.
  7245 | D:6      | Became a worshipper of Vehumet
  7298 | D:6      | Found a burning altar of Makhleb.
  7342 | D:6      | Noticed a two-headed ogre
  7346 | D:6      | Demolished by a two-headed ogre

Illustrated notes

Levels and vault maps discovered:
D:1:      heliophobic_arrival_dark_side_of_the_moon, layout_basic
D:2:      layout_basic
D:3:      kb_forest_paths, layout_basic, amcnicky_altar_gilded,
          guppyfry_early_lair_pool, uniq_terence
D:4:      layout_basic, st_stairs_3, minmay_misc_feat_pillars, uniq_grinder,
          uniq_natasha, uniq_robin
D:5:      layout_rooms, nicolae_overflow_hidden_temple,
          nicolae_wu_jian_immortal_techniques, nemelex_spade_bored_becter,
          serial_corexii_hall, corexii_hall_statues_l, corexii_hall_statues_x,
          serial_shops, nicolae_shop_statue_plus, grunt_decor_resistance
D:6:      layout_loops_cross, mainiacjoe_overflow_paths, lemuel_round_altar,
          minmay_temple_entry_statues_fountains, uniq_sigmund

Skill      XL: |  1  2  3  4  5  6  7 |
---------------+----------------------+-----
Stealth        | 3 4 |  4.4
Air Magic      | 4 5 |  5.1
Conjurations   | 2 3 |  3.6
Spellcasting   | 3 4 |  4.3
Maces & Flails | 1 2 3 |  3.6
Fighting       | 1 |  1.4
Dodging        | 3 |  3.0

Action                   |  1- 3 |  4- 6 |  7- 9 || total
-------------------------+-------+-------+-------++-------
Melee: Whip              |    18 |    21 |       ||    39
       Constrict         |     5 |    11 |     7 ||    23
       Tentacles         |     2 |    11 |     8 ||    21
       Punch             |       |     2 |       ||     2
       Morningstar       |       |    24 |    30 ||    54
 Cast: Shock             |    50 |    73 |    44 ||   167
  Use: Scroll            |       |     6 |       ||     6
Armor: Skin              |     3 |     6 |     1 ||    10
Dodge: Dodged            |     9 |    41 |    17 ||    67
